 Dungeon Crawl Stone Soup version 0.29.1-13-g9f3cf754e1 (webtiles) character file.

Game seed: 7761490002743129445

74 tizbic2 the Ruffian (level 4, -3/38 HPs)
             Began as a Ghoul Monk on Jan 26, 2023.
             Slain by a gnoll
             ... wielding a +0 halberd
              (9 damage)
             ... on level 3 of the Dungeon.
             The game lasted 00:09:57 (1835 turns).

tizbic2 the Ruffian (Ghoul Monk)                    Turns: 1835, Time: 00:10:27

Health: -3/38      AC:  7    Str: 14    XL:     4   Next: 28%
Magic:  3/3        EV: 11    Int:  5    God:
Gold:   180        SH:  0    Dex: 13    Spells: 3/3 levels left

rFire   . . .      SeeInvis .   w - +0 sling (flame)
rCold   + . .      Faith    .   (no shield)
rNeg    + + +      Spirit   .   d - +0 ring mail
rPois   ∞          Reflect  +   c - +0 helmet
rElec   .          Harm     .   a - +0 cloak
rCorr   .          Rampage  .   (no gloves)
Will    .....                   (no boots)
Stlth   ..........              q - amulet of reflection
HPRegen 0.00/turn               (no ring)
MPRegen 0.08/turn               (no ring)

@: confused, ambrosia-drunk, inhibited regen
A: claws 1, cold resistance 1, negative energy resistance 3, inhibited
regeneration, torment resistance 2, devour on kill
a: no special abilities


You were on level 3 of the Dungeon.
You visited 1 branch of the dungeon, and saw 3 of its levels.

You collected 180 gold pieces.

Inventory:

Hand Weapons
 w - a +0 sling of flaming (weapon)
Missiles
 i - 3 poisoned darts
 n - a throwing net
Armour
 a - a +0 cloak (worn)
 c - a +0 helmet (worn)
 d - a +0 ring mail (worn)
Jewellery
 h - an amulet of guardian spirit
 q - an amulet of reflection (around neck)
Scrolls
 f - a scroll of fear
 m - 2 scrolls of magic mapping
 s - a scroll of summoning
Potions
 e - a potion of flight
 g - 2 potions of heal wounds
 j - a potion of might {unknown}
 k - a potion of invisibility
 l - 2 potions of brilliance
 o - a potion of mutation {unknown}


   Skills:
 + Level 3.5 Fighting
 * Level 2.7 Ranged Weapons
 - Level 2.6 Dodging
 - Level 2.1 Stealth
 - Level 3.8 Unarmed Combat


You had 3 spell levels left.
You didn't know any spells.
Your spell library contained the following spells:

 Spells                   Type           Power      Damage    Failure   Level
 Apportation              Tloc           0%         N/A       73%         1
 Necrotise                Necr           0%         1d4       73%         1
 Sandblast                Erth           0%         2d4       73%         1
 Summon Small Mammal      Summ           0%         N/A       73%         1
 Passwall                 Tmut/Erth      0%         N/A       86%         2
 Stone Arrow              Conj/Erth      0%         3d7       97%         3
 Petrify                  Tmut/Erth      0%         N/A       100%        4
 Fireball                 Conj/Fire      0%         3d3       100%        5
 Irradiate                Conj/Tmut      0%         3d11      100%        5
 Starburst                Conj/Fire      0%         6d3       100%        6
 Ignition                 Fire           0%         3d3       100%        8
 Sublimation of Blood     Necr           Unusable   N/A       N/A         2

Dungeon Overview and Level Annotations

Branches:
Dungeon (3/15)

Altars:


Innate Abilities, Weirdness & Mutations

You are immune to poison.
You have sharp fingernails.
Your flesh is cold resistant. (rC+)
You are immune to negative energy. (rN+++)
You do not regenerate when monsters are visible.
You are immune to unholy pain and torment.
You thrive by killing the living.


Message History

Okay, then.
As you read the scroll of summoning, it crumbles to dust.
Wisps of shadow whirl around you... The gnoll closely misses you.
The gnoll hits you with a +0 club.
* * * LOW HITPOINT WARNING * * *
Your giant cockroach bites the gnoll but does no damage.
Your orc barely misses the gnoll.
You are confused.
You feel invigorated.
The gnoll hits you from afar with a +0 halberd.
* * * LOW HITPOINT WARNING * * *
The gnoll hits you but does no damage.
Your giant cockroach barely misses the gnoll.
Your orc hits the gnoll with a +0 short sword.
Your giant cockroach barely misses the gnoll.
The gnoll hits you with a +0 club.
* * * LOW HITPOINT WARNING * * *
The gnoll hits you but does no damage.
Your orc hits the gnoll with a +0 short sword.
The gnoll attacks as you move away! The gnoll hits you with a +0 club.
* * * LOW HITPOINT WARNING * * *
Your giant cockroach closely misses the gnoll.
You barely miss the gnoll.
The gnoll is heavily wounded.
The gnoll barely misses you.
The gnoll zaps a wand.
The puff of flame hits you!
* * * LOW HITPOINT WARNING * * *
The gnoll closely misses you. x2; Your giant cockroach bites the gnoll.
You're too confused to move!
Your orc hits the gnoll with a +0 short sword.
The gnoll hits you from afar with a +0 halberd!
* * * LOW HITPOINT WARNING * * *
The gnoll barely misses your orc.
Your giant cockroach bites the gnoll but does no damage.
You are more confused.
You feel more invigorated.
Your orc hits the gnoll with a +0 short sword.
Your giant cockroach barely misses the gnoll.
The gnoll hits your orc with a +0 club.
The gnoll hits you from afar with a +0 halberd!
You die...

############
#..........#
#..........########
..................#
..................# .
................@.###...
................g.......
...............go.###...
...............B........
...)....................
...†....................
##.#.##...#.............
#.#......).........#.##
#†#......#####...###.#


You could see 2 gnolls, a friendly orc (summoned) and a friendly giant cockroach
(summoned).

Vanquished Creatures
  A gnoll (D:3)
  An adder (D:3)
  A worm (D:2)
  2 orcs (D:3)
  5 bats
  9 endoplasms
  4 giant cockroaches
  3 goblins
  2 hobgoblins (D:1)
  3 jackals (D:1)
  4 ball pythons
  2 frilled lizards
  4 kobolds
  5 rats
46 creatures vanquished.

Vanquished Creatures (others)
  A goblin (D:2)
1 creature vanquished.

Grand Total: 47 creatures vanquished

Notes
Turn   | Place    | Note
-------+----------+-------------------------------------------
     0 | D:1      | tizbic2 the Ghoul Monk began the quest for the Orb.
     0 | D:1      | Reached XP level 1. HP: 19/19 MP: 0/0
   105 | D:1      | Reached skill level 1 in Ranged Weapons
   114 | D:1      | Reached XP level 2. HP: 26/26 MP: 1/1
   428 | D:2      | Found a faded altar of an unknown god.
   502 | D:2      | Reached XP level 3. HP: 31/31 MP: 2/2
  1747 | D:3      | Reached XP level 4. HP: 38/38 MP: 3/3
  1835 | D:3      | Slain by a gnoll

Illustrated notes

Levels and vault maps discovered:
D:1:      psy_arrival_spokes, layout_rooms
D:2:      layout_basic, nicolae_ecumenical_oubliette
D:3:      layout_rooms, serial_glass, glass_columns_b, glass_columns_a

Skill      XL: |  1  2  3 |
---------------+----------+-----
Ranged Weapons | 1 2 |  2.7
Fighting       | |  3.5
Dodging        | |  2.6
Stealth        | |  2.1
Unarmed Combat | |  3.8

Action                   |  1- 3 |  4- 6 || total
-------------------------+-------+-------++-------
Melee: Unarmed           |    55 |       ||    55
       Punch             |     2 |       ||     2
       Sling             |       |     1 ||     1
 Fire: Sling             |    90 |    10 ||   100
  Use: Scroll            |     9 |     4 ||    13
       Potion            |       |     2 ||     2
 Stab: Distracted        |     1 |       ||     1
       Sleeping          |     1 |       ||     1
Armor: Ring mail         |    35 |     3 ||    38
Dodge: Dodged            |    61 |     6 ||    67
Block: Other             |     7 |     2 ||     9
